AoeStats
← Bear&Jerry's

Nomad

504487992Analyzed
3v3 RM · 27d ago on Sep 5, 2026· 61m 9s· 6 players
Game mode
Random Map
Map size
210×210
Population
200
Speed
Normal
Resources
Standard
Victory
Conquest
Starting age
Dark Age
Ending age
Imperial Age
RankedLock teamsTeams togetherTeam positionsShared explorationLock speedFull tech treeHidden civsTurbo modeCheats
Victory
Defeat
🇦🇹 Saracens · Austria
1069
+14
🇬🇧 Persians · United Kingdom
1051
+14
🇪🇸 Persians · Spain
1048
+14
🇩🇪 Burgundians · Germany
1023
-14
🇧🇪 Ethiopians · Belgium
1022
-14
🇮🇹 Romans · Italy
1021
-14
Bertinos
13:01 Feudal Age
18:15 Castle Age
24:00 Horse Collar
26:40 Husbandry
26:51 Bloodlines
31:37 Pikeman
38:23 Double-Bit Axe
39:42 Bow Saw
41:16 Wheelbarrow
40:27 Town Watch
49:02 Imperial Age
47:11 Gold Mining
47:13 Stone Mining
49:10 Cavalier
51:06 Squires
52:12 Scale Barding Armor
52:18 Forging
60:13 Chain Barding Armor
60:29 Iron Casting
Clockwise Haggis
4:26 Loom
12:22 Feudal Age
13:41 Double-Bit Axe
16:01 Horse Collar
21:14 Castle Age
23:41 Town Watch
24:31 Wheelbarrow
25:24 Heavy Plow
25:36 Bow Saw
26:09 Hand Cart
26:59 Town Patrol
28:41 Husbandry
29:50 Pikeman
31:17 Squires
32:00 Ballistics
31:23 Elite Skirmisher
31:28 Light Cavalry
37:00 Imperial Age
36:10 Murder Holes
36:25 Masonry
36:29 Forging
36:09 Fletching
36:20 Padded Archer Armor
37:05 Thumb Ring
39:03 Conscription
38:19 Cavalier
41:15 Scale Barding Armor
41:26 Leather Archer Armor
41:06 Bodkin Arrow
41:46 Citadels
41:10 Halberdier
48:43 Kamandaran
48:07 Crossbowman
50:53 Crop Rotation
54:20 Chain Barding Armor
54:35 Iron Casting
54:00 Scale Mail Armor
54:31 Ring Archer Armor
54:37 Architecture
55:55 Savar
56:47 Bloodlines
56:58 Hussar
ska_18
2:50 Loom
16:54 Feudal Age
22:26 Castle Age
20:18 Fletching
21:03 Double-Bit Axe
23:45 Bodkin Arrow
25:45 Town Watch
27:13 Wheelbarrow
32:20 Forging
32:15 Scale Barding Armor
33:17 Bow Saw
34:22 Fishing Lines
34:35 Gold Mining
39:15 Imperial Age
37:16 Stone Mining
37:37 Horse Collar
39:46 Hand Cart
42:23 Murder Holes
43:18 Iron Casting
44:09 Chain Barding Armor
45:47 Hoardings
46:30 Chemistry
45:11 Treadmill Crane
46:42 Conscription
47:12 Heavy Plow
47:48 Gold Shaft Mining
47:36 Elite Mameluke
50:37 Fervor
50:48 Sanctity
50:43 Masonry
51:40 Two-Man Saw
50:56 Town Patrol
52:12 Bimaristan
52:42 Gillnets
54:00 Blast Furnace
53:20 Chain Barding Armor
54:01 Fortified Wall
53:53 Bracer
53:22 Light Cavalry
54:03 Husbandry
54:26 Bloodlines
56:13 Hussar
57:28 Coinage
57:36 Plate Barding Armor
58:32 Siege Engineers
58:48 Ballistics
59:25 Banking
59:51 Guard Tower
59:47 Arrowslits
59:25 Heavy Camel Rider
60:18 Medium Warships
62:10 Keep
bertcoleman1010
7:08 Loom
13:57 Feudal Age
20:28 Padded Archer Armor
20:19 Fletching
21:30 Scale Mail Armor
28:05 Castle Age
26:24 Double-Bit Axe
28:08 Wheelbarrow
28:31 Forging
28:34 Crossbowman
32:04 Thumb Ring
32:33 Hand Cart
36:23 Bow Saw
38:42 Leather Archer Armor
38:35 Bodkin Arrow
38:56 Chain Mail Armor
40:57 Stone Mining
40:58 Gold Mining
43:55 Ballistics
43:33 Murder Holes
47:37 Iron Casting
52:30 Imperial Age
52:41 Halberdier
55:58 Plate Mail Armor
57:02 Horse Collar
Bear&Jerry's
4:49 Loom
12:49 Fishing Lines
15:04 Feudal Age
13:26 Double-Bit Axe
20:00 Castle Age
17:44 Horse Collar
18:21 Bow Saw
19:00 Gold Mining
19:25 Heavy Plow
19:34 Gillnets
20:03 Scale Barding Armor
20:56 Cavalier
22:32 Gold Shaft Mining
22:39 Wheelbarrow
25:08 Forging
27:25 Gold Shaft Mining
28:08 Chain Barding Armor
27:52 Husbandry
29:43 Iron Casting
29:59 Hand Cart
39:22 Imperial Age
38:15 Two-Man Saw
37:09 Stone Mining
37:54 Padded Archer Armor
39:06 Stone Shaft Mining
39:42 Paladin
42:51 Masonry
43:28 Conscription
43:54 Hoardings
44:54 Chemistry
44:25 Architecture
44:38 Crop Rotation
44:59 Plate Barding Armor
49:04 Blast Furnace
47:55 Fletching
54:18 Bodkin Arrow
[BEINT] SucaDuro
3:07 Loom
15:33 Feudal Age
16:21 Man-at-Arms
16:49 Fishing Lines
17:29 Double-Bit Axe
21:10 Scale Mail Armor
21:21 Forging
21:31 Fletching
28:38 Castle Age
30:56 Bow Saw
31:28 Long Swordsman
32:09 Squires
36:23 Gillnets
37:36 Scale Barding Armor
45:14 Gold Mining
45:15 Stone Mining
48:08 Iron Casting
47:49 Chain Mail Armor
48:34 Wheelbarrow
55:03 Imperial Age
55:58 Gold Shaft Mining
57:20 Legionary
Connection lost

Rejoining the realm…

Still unreachable

The connection could not be restored.

Session expired

The server has moved on; the page needs a fresh start.